 Dungeon Crawl Stone Soup version 0.20.1-1-g8b1a95d (webtiles) character file.

1984610 motkurip the Peltast (level 27, 154/154 HPs)
             Began as a Vine Stalker Assassin on Aug 3, 2017.
             Was a Follower of Uskayaw.
             Escaped with the Orb
             ... and 3 runes!
             The game lasted 03:28:58 (50739 turns).

motkurip the Peltast (Vine Stalker Assassin)       Turns: 50739, Time: 03:28:59

Health: 154/154    AC: 23    Str: 33    XL:     27
Magic:  45/45      EV: 27    Int: 15    God:    Uskayaw [*.....]
Gold:   5682       SH: 19    Dex: 26    Spells: 24/38 levels left

rFire    + + +     SeeInvis +   T - +9 quick blade (flame)
rCold    . . .     Gourm    .   R - +1 shield {rC+}
rNeg     . . .     Faith    .   B - +6 fire dragon scales
rPois    +         Spirit   +   Q - +0 mask of the Dragon {MR+ Slay+3 SInv}
rElec    +         Reflect  .   a - scarf {repulsion}
rCorr    .         Harm     .   D - +2 pair of gloves {Dex+3}
MR       +++++                  w - +2 pair of boots {Stlth+}
Stlth    ++........             Y - amulet "Omeag" {RegenMP rElec rF- MR+ Str+10}
Regen    1.2/turn               v - ring of Lefrio Zepev {rF+ MP+9 Dex+3}
MPRegen  0.5/turn               p - ring "Acret" {rF+ Int+4 Slay+5}

@: repel missiles
A: fangs 3, hooves 1, horns 2, deformed body, poison resistance, regeneration 2,
electricity resistance, magic shield, antimagic bite, no potion heal 3, rot
immunity
0: Orb of Zot
}: 3/15 runes: decaying, serpentine, silver
a: Stomp, Renounce Religion


You escaped.
You worshipped Uskayaw.
Uskayaw was most pleased with you.
You were full.

You visited 10 branches of the dungeon, and saw 48 of its levels.
You also visited: Ossuary, Ice Cave and Desolation.

You collected 8247 gold pieces.
You spent 2565 gold pieces at shops.

Inventory:

Hand Weapons
 T - a +9 quick blade of flaming (weapon)
Armour
 a - a scarf of repulsion (worn)
 t - a +2 large shield
 w - a +2 pair of boots of stealth (worn)
 B - +6 fire dragon scales (worn)
 D - a +2 pair of gloves of dexterity (worn)
 Q - the +0 mask of the Dragon (worn) {MR+ Slay+3 SInv}
   (You found it in the Desolation of Salt)

   It affects your accuracy and damage with ranged weapons and melee attacks
   (+3).
   It affects your resistance to hostile enchantments.
   It lets you see invisible.
 R - a +1 shield of cold resistance (worn)
 W - a +1 cloak of invisibility
Jewellery
 d - an uncursed ring of protection from fire
 f - the amulet of Ogemiont {Faith rPois rF- rN+++}
   (You found it in the Desolation of Salt)

   [amulet of faith]

   It allows you to gain divine favour quickly.
   It makes you vulnerable to fire.
   It protects you from poison.
   It renders you almost immune to negative energy.
 j - the ring "Zulimoi" {MR+ Str+4}
   (You found it in the Desolation of Salt)

   [ring of protection from magic]

   It affects your strength (+4).
   It affects your resistance to hostile enchantments.
 p - the ring "Acret" (right hand) {rF+ Int+4 Slay+5}
   (You found it in the Desolation of Salt)

   [ring of protection from fire]

   It affects your intelligence (+4).
   It affects your accuracy and damage with ranged weapons and melee attacks
   (+5).
   It protects you from fire.
 s - an uncursed ring of resist corrosion
 v - the ring of Lefrio Zepev (left hand) {rF+ MP+9 Dex+3}
   (You bought it in a shop on level 2 of the Orcish Mines)

   [ring of protection from fire]

   It affects your dexterity (+3).
   It protects you from fire.
   It affects your magic capacity (+9).
 G - the amulet "Xepep Loti" {Gourm rC+++ MP+9 SInv}
   (You found it on level 6 of the Lair of Beasts)

   [amulet of the gourmand]

   It allows you to eat raw meat even when not hungry.
   It renders you almost immune to cold.
   It affects your magic capacity (+9).
   It lets you see invisible.
 O - an uncursed ring of protection from cold
 Y - the amulet "Omeag" (around neck) {RegenMP rElec rF- MR+ Str+10}
   (You bought it in a shop on level 2 of the Orcish Mines)

   [amulet of magic regeneration]

   It increases your magic regeneration.
   It affects your strength (+10).
   It makes you vulnerable to fire.
   It insulates you from electricity.
   It affects your resistance to hostile enchantments.
Wands
 e - a wand of acid (6/15)
 z - a wand of digging (17/24)
 E - a wand of acid (13/15)
Scrolls
 h - 9 scrolls of enchant weapon
 i - 4 scrolls of magic mapping
 l - a scroll of summoning
 m - 24 scrolls of teleportation
 o - 4 scrolls of amnesia
 q - 3 scrolls of enchant armour
 C - 19 scrolls of remove curse
 F - 11 scrolls of fog
 J - a scroll of silence
 K - 5 scrolls of fear
 L - 4 scrolls of blinking
 N - a scroll of holy word
 P - 2 scrolls of identify
 U - 8 scrolls of recharging
Potions
 b - a potion of berserk rage
 c - 4 potions of flight
 k - 4 potions of might
 n - 4 potions of resistance
 r - 10 potions of mutation
 u - 25 potions of curing
 y - 3 potions of haste
 A - 3 potions of invisibility
 I - 4 potions of ambrosia
 S - 3 potions of agility
 V - a potion of magic
 X - 5 potions of cancellation
Miscellaneous
 x - a phantom mirror
 H - 2 boxes of beasts
Comestibles
 g - 26 bread rations
 M - 6 fruits


   Skills:
 + Level 18.8 Fighting
 + Level 16.8 Short Blades
 - Level 2.0 Throwing
 + Level 15.6 Armour
 + Level 17.1 Dodging
 - Level 14.1 Stealth
 + Level 19.8 Shields
 - Level 6.0 Spellcasting
 - Level 17.0 Invocations
 - Level 7.0 Evocations


You had 24 spell levels left.
You knew the following spells:

 Your Spells              Type           Power        Failure   Level  Hunger
a - Swiftness             Chrm/Air       #.......     36%         2    #......
b - Ozocubu's Armour      Chrm/Ice       #.......     58%         3    ##.....
c - Deflect Missiles      Chrm/Air       #.........   100%        6    #######
d - Spectral Weapon       Hex/Chrm       #.......     58%         3    ##.....


Dungeon Overview and Level Annotations

Branches:
Dungeon (15/15)            Temple (1/1) D:5            Lair (6/6) D:11
  Swamp (4/4) Lair:2        Snake (4/4) Lair:2        Slime (0/5) Lair:5
    Orc (2/2) D:9             Elf (1/3) Orc:2        Vaults (5/5) D:13
  Crypt (0/3) Vaults:2     Depths (5/5) D:15            Zot (5/5) Depths:5

Altars:
Fedhas
Gozag
Hepliaklqana
Kikubaaqudgha
Makhleb
Okawaru
Ru
Sif Muna
Uskayaw
Vehumet
Xom
Zin
The Shining One

Shops:
D:5 [   Orc:1 ?   Orc:2 (*[(=   Vaults:3 (*[   Vaults:4 *   Vaults:5 :
Depths:1 (:

Portals:
Hell: Depths:1 Depths:2 Depths:3 Depths:4 Depths:5
Abyss: Depths:3 Depths:4
Pandemonium: Depths:1 Depths:3
Ziggurat: Depths:4

Annotations:
D:4 Natasha
D:6 Rhok's ghost, novice MiFi
D:7 1 exclusion
Lair:5 exclusion: 2 oklob plants, Britaniac's ghost, journeyman DsFE
Snake:4 exclusion: Roxanne, Roxanne
Orc:2 exclusion: downstairs
Zot:4 1 exclusion


Innate Abilities, Weirdness & Mutations

You have razor-sharp teeth.
You heal very quickly.
When hurt, damage is shared between your health and your magic reserves.
Your bite disrupts and absorbs the magic of your enemies.
Potions cannot restore your health.
You are immune to rotting.
You have large cloven feet.
You have a pair of horns on your head.
Armour fits poorly on your strangely shaped body.
Your system is resistant to poisons. (rPois)
You are resistant to electric shocks. (rElec)


Message History

Your extra speed is starting to run out.
You feel yourself slow down.
A sun demon comes into view.
You closely miss the sun demon. You headbutt the sun demon!!
You bite the sun demon. You drain its power.
The sun demon is moderately wounded.
You puncture the sun demon! You headbutt the sun demon!
Your bite misses the sun demon.
The sun demon is severely wounded.
You puncture the sun demon! You headbutt the sun demon!
You kill the sun demon!
You see here a club.
A hobgoblin comes into view.
You catch the helpless hobgoblin completely off-guard!
You spit the hobgoblin like a pig!!! You burn the hobgoblin.
You kill the hobgoblin!
No target in view!
No target in view!
There is a staircase leading out of the dungeon here.
You have escaped!

....###..##..........#####..###.#
....# #......##...########..###..
##### ####.............).........
######.##...#.....####......#
#......#..###.....# #.###..#
#.###....####.....# ### ##..
#.##..######......# ##. #....##
#.......# #.
#.##########@>############ ##
##.#......................# #
#..#.##..##......##..##...# #
#..#......................# #
##.#.######......######...# #
#.#......................####
#.#.####################.#...
#...# #...## ##### #####


There were no monsters in sight!

Vanquished Creatures
  5 orbs of fire (Zot:5)
  Mara (Vaults:4)
  6 ancient liches (Zot:5)
  2 juggernauts (Depths:5)
  Sojobo (Vaults:4)
  Boris (Vaults:4)
  Margery (Depths:4)
  Saint Roka (Orc:2)
  A caustic shrike (Depths:4)
  3 Killer Klowns (Zot:5)
  2 curse toes
  5 golden dragons
  Nikola (Vaults:3)
  the Enchantress (Depths:4)
  A lich (Depths:1)
  2 electric golems (Zot:5)
  6 tentacled monstrosities
  A pandemonium lord (D:4)
  An Ice Fiend (Zot:5)
  30 Orb Guardians
  3 quicksilver dragons
  5 titans
  An Executioner (D:14)
  2 death cobs (Zot:5)
  7 sphinxes
  Gastronok (Orc:1)
  The ghost of vineage the Warrior, an adept MiBe of Trog (Snake:4)
  7 shadow dragons
  Donald (Vaults:4)
  3 draconian monks (Depths:5)
  7 storm dragons
  A thorn hunter (Swamp:3)
  2 daevas
  10 tengu reavers
  9 nagarajas
  11 frost giants
  4 draconian scorchers
  An orc warlord (Orc:1)
  7 fire giants
  4 deep elf sorcerers
  26 vault wardens
  2 iron dragons (Vaults:5)
  2 draconian shifters
  2 imperial myrmidons (Desolation)
  An angel (Depths:2)
  5 draconian annihilators
  3 draconian stormcallers
  2 deep elf elementalists (Vaults:5)
  18 ironheart preservers
  20 stone giants
  3 war gargoyles
  31 very ugly things
  5 spriggan defenders (Depths:4)
  3 entropy weavers
  6 green draconians
  13 black draconians
  4 deep elf demonologists
  5 spark wasps
  3 vampire knights
  A dire elephant (D:15)
  4 red draconians (Depths:5)
  6 white draconians
  4 deep elf annihilators
  2 deep elf death magi
  4 purple draconians
  6 ettins
  An eidolon (Vaults:2)
  A merfolk impaler (Depths:1)
  A merfolk javelineer (Depths:5)
  7 ragged hierophants (Desolation)
  5 crystal guardians
  2 jiangshi (Depths:3)
  Josephine (Lair:6)
  6 fire dragons
  22 yaktaur captains
  3 deep elf high priests (Vaults:5)
  12 ice dragons
  7 great orbs of eyes
  4 peacekeepers (Desolation)
  24 hydras
  2 servants of whispers (Desolation)
  5 rakshasas
  A hell beast (Depths:4)
  A catoblepas (D:15)
  43 vault guards
  A merfolk avatar (Lair:6)
  9 spriggan air magi
  17 naga warriors
  Harold (D:10)
  6 anacondas
  8 alligators
  5 centaur warriors
  Erica (D:9)
  11 deep troll shamans
  3 death knights
  13 ogre magi
  35 two-headed ogres
  13 deep troll earth magi
  5 tengu warriors
  3 vampire magi
  13 naga sharpshooters
  3 death yaks
  Urug (D:14)
  A sun demon (D:1)
  6 spriggan berserkers
  6 deep elf knights
  Sonja (Lair:4)
  5 shock serpents
  A shadow wraith (Vaults:4)
  3 orc high priests
  2 skeletal warriors
  3 small abominations (Vaults:4)
  A fire crab (shapeshifter) (Vaults:3)
  20 hell knights
  3 iron trolls
  A sixfirhy (Depths:5)
  2 salamander mystics (Snake:3)
  An unseen horror (shapeshifter) (Depths:1)
  5 shambling mangroves
  A death drake (Depths:5)
  5 flayed ghosts
  4 unseen horrors
  6 spriggan druids
  A sea snake (shapeshifter) (Vaults:1)
  32 deep trolls
  13 swamp dragons (Swamp:4)
  2 glowing orange brains
  6 deep elf archers
  5 naga ritualists
  2 torturous demonspawn (Depths:5)
  6 wizards
  5 harpies
  18 orc knights
  Pikel (D:7)
  23 ironbrand convokers
  4 lindwurms
  5 necromancers
  2 phantasmal warriors
  A harpy (shapeshifter) (Vaults:2)
  54 ugly things
  An orb spider (shapeshifter) (Vaults:1)
  14 deep elf magi
  2 wolf spiders
  11 mana vipers
  9 manticores
  6 orc sorcerers
  3 cyclopes
  A faun (shapeshifter) (Depths:3)
  A salamander (shapeshifter) (Vaults:1)
  A moth of wrath (shapeshifter) (Vaults:5)
  5 moths of wrath (Zot:5)
  14 salamanders
  14 elephants
  32 black mambas
  A black mamba (shapeshifter) (Vaults:4)
  29 naga magi
  3 ice statues
  A water nymph (shapeshifter) (Vaults:5)
  2 molten gargoyles
  A torpor snail (Lair:6)
  7 guardian serpents
  24 spiny frogs
  13 vault sentinels
  A gargoyle (D:12)
  2 hellions
  4 rime drakes
  A komodo dragon (shapeshifter) (Vaults:5)
  54 yaktaurs
  3 komodo dragons
  11 freezing wraiths
  A hellwing (Depths:5)
  2 human skeletons (Vaults:1)
  2 tengu conjurers (D:15)
  The ghost of Megalobster the Chopper, an amateur DDFi of Makhleb (D:5)
  A polar bear (shapeshifter) (Depths:2)
  3 meliai (D:13)
  29 hornets
  21 polar bears
  2 meliai (shapeshifter)
  8 trolls
  18 blink frogs
  A tengu simulacrum (Vaults:2)
  A wind drake (shapeshifter) (Vaults:3)
  3 wind drakes
  5 tyrant leeches
  47 saltlings (Desolation)
  Prince Ribbit (D:7)
  4 meliai zombies
  A raiju (shapeshifter) (Vaults:3)
  2 hornets (shapeshifter)
  42 slime creatures
  3 dream sheep (Lair:6)
  12 bog bodies
  7 hippogriffs
  A human simulacrum (Vaults:3)
  10 redbacks
  8 air elementals
  4 flying skulls (D:12)
  A tarantella (shapeshifter) (Vaults:3)
  12 spriggans
  6 wraiths
  12 water elementals
  2 shadows (D:12)
  A vampire (D:11)
  A ynoxinul (D:10)
  5 wyverns
  3 basilisks (shapeshifter)
  66 yaks
  18 humans (D:13)
  3 hungry ghosts
  A human (shapeshifter) (Vaults:2)
  9 vampire mosquitoes
  3 basilisks
  A yaktaur simulacrum (Vaults:1)
  2 chaos spawn
  An elf skeleton (Vaults:1)
  17 swamp worms
  44 nagas
  12 wargs
  2 soldier ants
  An acid dragon (D:14)
  11 water moccasins
  A hell hound (Depths:4)
  20 insubstantial wisps
  A swamp worm (shapeshifter) (Vaults:5)
  9 porcupines
  Duvessa (D:4)
  2 floating eyes
  52 orc warriors
  A black bear (D:11)
  2 hornet zombies
  19 swamp drakes
  A slave (D:7)
  An eye of draining (shapeshifter) (Depths:3)
  6 ice beasts
  5 phantoms
  2 sky beasts
  12 boggarts
  2 necrophages
  29 ogres
  16 crocodiles
  17 centaurs
  19 wolves
  A gnoll sergeant (Orc:2)
  A big kobold (D:9)
  2 wyvern zombies (D:12)
  15 bullfrogs
  A glowing shapeshifter simulacrum (Vaults:2)
  4 scorpions
  Dowan (D:4)
  13 killer bees
  8 wights
  7 howler monkeys
  3 electric eels
  7 crimson imps
  A bullfrog zombie (D:11)
  9 centaur zombies
  2 hounds
  2 quasits (D:9)
  5 jellies
  Crazy Yiuf (D:2)
  3 human zombies
  30 orc wizards
  6 bullfrog skeletons
  15 orc priests
  11 centaur skeletons
  Natasha (D:4)
  2 iguanas
  9 hell rats (Lair:1)
  9 worker ants
  A killer bee zombie (D:7)
  A big kobold zombie (Ossuary)
  A hound zombie (D:8)
  5 mummies (Ossuary)
  Robin (D:3)
  A worker ant zombie (D:7)
  3 gnolls (Orc:2)
  A howler monkey skeleton (D:4)
  8 adders
  16 river rats (Lair:1)
  8 shadow imps
  2 ufetubi
  6 oozes
  2 adder skeletons
  2 worms
  3 dart slugs
  2 leopard geckos
  102 orcs
  A ball python (D:4)
  4 bats
  4 giant cockroaches
  15 goblins
  13 hobgoblins
  14 jackals
  15 quokkas
  6 frilled lizards
  A gnoll zombie (Ossuary)
  2 goblin zombies (Ossuary)
  A hobgoblin zombie (Ossuary)
  A jackal zombie (D:5)
  9 kobolds
  A leopard gecko zombie (D:7)
  An orc zombie (Ossuary)
  10 rats
  A fungus (Orc:2)
  A plant (Depths:5)
2290 creatures vanquished.

Vanquished Creatures (collateral kills)
  A polar bear (Lair:6)
  An orc wizard (D:10)
2 creatures vanquished.

Vanquished Creatures (others)
  A lich (Vaults:2)
  A naga sharpshooter (Snake:4)
  A spriggan berserker (Swamp:4)
  A manticore (Lair:6)
  A warg (Vaults:3)
  3 orc warriors
  2 orc wizards
  An orc (D:15)
  A jackal (D:7)
  13 fungi
  46 plants
71 creatures vanquished.

Grand Total: 2363 creatures vanquished

Notes
Turn   | Place    | Note
-------+----------+-------------------------------------------
     0 | D:1      | motkurip the Vine Stalker Assassin began the quest for the Orb.
     0 | D:1      | Reached XP level 1. HP: 11/11 MP: 2/2
   248 | D:1      | Reached XP level 2. HP: 15/15 MP: 3/3
   277 | D:1      | Reached skill level 5 in Stealth
   462 | D:1      | Reached XP level 3. HP: 13/18 MP: 4/4
  1143 | D:2      | Found a runed door.
  1370 | D:2      | Found a radiant altar of Vehumet.
  1370 | D:2      | Found a glowing golden altar of the Shining One.
  1427 | D:2      | Gained mutation: Your natural rate of healing is unusually fast. [Vine Stalker growth]
  1427 | D:2      | Reached XP level 4. HP: 15/23 MP: 3/5
  1480 | D:2      | Noticed Crazy Yiuf
  1551 | D:2      | Killed Crazy Yiuf
  1551 | D:2      | Reached skill level 1 in Shields
  1885 | D:3      | Reached XP level 5. HP: 25/26 MP: 4/6
  1962 | D:3      | Noticed Robin
  1987 | D:3      | Killed Robin
  2422 | D:3      | Reached skill level 2 in Shields
  2811 | D:3      | Reached XP level 6. HP: 30/30 MP: 7/7
  3194 | D:4      | Reached skill level 5 in Short Blades
  3281 | D:4      | Noticed Duvessa
  3281 | D:4      | Noticed Dowan
  3301 | D:4      | Killed Dowan
  3301 | D:4      | Reached skill level 3 in Shields
  3304 | D:4      | Killed Duvessa
  3304 | D:4      | Reached XP level 7. HP: 25/35 MP: 8/8
  3444 | D:4      | Noticed Natasha
  3458 | D:4      | Killed Natasha
  3577 | D:4      | Noticed Natasha
  3730 | D:5      | Entered Level 5 of the Dungeon
  3730 | D:5      | Found Jesicw's Antique Armour Boutique.
  3915 | D:5      | Found a staircase to the Ecumenical Temple.
  3951 | Temple   | Entered the Ecumenical Temple
  4026 | Temple   | Became a worshipper of Uskayaw the Reveler
  4204 | D:4      | Reached * piety under Uskayaw
  4208 | D:4      | Reached ** piety under Uskayaw
  4506 | D:5      | Reached *** piety under Uskayaw
  4510 | D:5      | Reached **** piety under Uskayaw
  4627 | D:5      | Reached skill level 4 in Shields
  4627 | D:5      | Gained mutation: You have razor-sharp teeth. [Vine Stalker growth]
  4627 | D:5      | Reached XP level 8. HP: 39/39 MP: 9/9
  4856 | D:6      | Noticed a hornet
  4861 | D:6      | Killed a hornet
  4861 | D:6      | Reached skill level 1 in Invocations
  4861 | D:6      | Reached skill level 1 in Evocations
  5017 | D:6      | Noticed Rhok's ghost (novice MiFi)
  5122 | D:5      | Noticed Megalobster's ghost (amateur DDFi)
  5135 | D:5      | Killed Megalobster's ghost
  5294 | D:6      | Noticed a komodo dragon
  5309 | D:6      | Reached XP level 9. HP: 28/44 MP: 11/11
  5380 | D:5      | Killed a komodo dragon
  6248 | D:7      | Reached ***** piety under Uskayaw
  6493 | D:7      | Noticed Prince Ribbit
  6521 | D:7      | Killed Prince Ribbit
  6991 | D:7      | Noticed Pikel
  7025 | D:7      | Killed Pikel
  7025 | D:7      | Reached XP level 10. HP: 47/51 MP: 14/14
  7095 | D:7      | Reached skill level 5 in Fighting
  7463 | D:8      | Found a sand-covered staircase.
  7476 | Ossuary  | Entered an ossuary
  8341 | D:9      | Found a staircase to the Orcish Mines.
  8532 | D:9      | Reached skill level 5 in Invocations
  8812 | D:9      | Noticed Erica
  9342 | D:9      | Killed Erica
  9342 | D:9      | Reached skill level 5 in Evocations
  9760 | D:9      | Found a blossoming altar of Fedhas.
  9851 | D:10     | Entered Level 10 of the Dungeon
 10089 | D:10     | Learned a level 2 spell: Swiftness
 10467 | D:10     | Reached XP level 11. HP: 49/56 MP: 12/16
 10613 | D:10     | Noticed Harold
 10780 | Orc:1    | Entered Level 1 of the Orcish Mines
 10786 | Orc:1    | Noticed an orc sorcerer
 10789 | Orc:1    | Noticed a sixfirhy
 11031 | D:10     | Killed Harold
 11526 | D:11     | Noticed a two-headed ogre
 11566 | D:11     | Killed a two-headed ogre
 11667 | D:11     | Identified a scroll of acquirement
 11671 | D:11     | Got a pair of spiked gloves
 11677 | D:11     | Identified the -3 pair of gloves "Tifoziuj" {MP+9} (You acquired it on level 11 of the Dungeon)
 11726 | D:11     | Noticed a manticore
 11727 | D:11     | Killed a manticore
 11727 | D:11     | Reached skill level 10 in Stealth
 11753 | D:11     | Noticed a two-headed ogre
 11774 | D:11     | Killed a two-headed ogre
 12236 | D:11     | Gained mutation: You heal very quickly. [Vine Stalker growth]
 12236 | D:11     | Reached XP level 12. HP: 56/63 MP: 18/18
 12325 | D:11     | Found a staircase to the Lair.
 12972 | Lair:1   | Entered Level 1 of the Lair of Beasts
 12988 | Lair:1   | Reached skill level 10 in Short Blades
 13301 | Lair:1   | Reached ****** piety under Uskayaw
 13348 | Lair:1   | Reached skill level 1 in Dodging
 13767 | Lair:1   | Reached skill level 1 in Armour
 14135 | Lair:2   | Found a staircase to the Swamp.
 14402 | Lair:2   | Found a staircase to the Snake Pit.
 14903 | Lair:3   | Noticed an eight-headed hydra
 14925 | Lair:3   | Killed a three-headed hydra
 15118 | Lair:3   | Noticed a four-headed hydra
 15138 | Lair:3   | Killed a one-headed hydra
 15183 | Lair:3   | Reached XP level 13. HP: 66/70 MP: 20/20
 15878 | Lair:4   | Found a labyrinth entrance.
 16193 | Lair:4   | Noticed Sonja
 16201 | Lair:4   | Killed Sonja
 16266 | Lair:4   | Reached skill level 5 in Dodging
 16292 | Lair:4   | Learned a level 3 spell: Ozocubu's Armour
 16468 | Lair:4   | Reached skill level 5 in Armour
 17314 | Lair:5   | Found a frozen archway.
 17322 | IceCv    | Entered an ice cave
 17785 | IceCv    | Reached skill level 10 in Fighting
 17934 | IceCv    | Noticed a frost giant
 18463 | Lair:5   | Reached skill level 5 in Shields
 18725 | Lair:5   | Found a staircase to the Slime Pits.
 19045 | Lair:5   | Noticed Britaniac's ghost (journeyman DsFE)
 19197 | Lair:5   | Reached skill level 6 in Shields
 19198 | Lair:5   | Reached XP level 14. HP: 64/77 MP: 21/21
 19230 | Lair:6   | Entered Level 6 of the Lair of Beasts
 19260 | Lair:6   | Reached skill level 7 in Shields
 19447 | Lair:6   | Reached skill level 8 in Shields
 19599 | Lair:6   | Identified the Incunabulum of the Feathery Snowflakes
 19715 | Lair:6   | Reached skill level 9 in Shields
 19976 | Lair:6   | Noticed Josephine
 20195 | Lair:6   | Got a glittering ivory amulet
 20229 | Lair:6   | Identified the amulet "Xepep Loti" {Gourm rC+++ MP+9 SInv} (You found it on level 6 of the Lair of Beasts)
 20311 | Lair:6   | Reached skill level 10 in Shields
 20393 | Lair:6   | Killed Josephine
 20504 | Lair:6   | Learned a level 6 spell: Deflect Missiles
 20970 | Orc:1    | Noticed Gastronok
 21101 | Orc:1    | Killed Gastronok
 21339 | Orc:2    | Entered Level 2 of the Orcish Mines
 21340 | Orc:2    | Found Zioth's General Store.
 21388 | Orc:1    | Reached skill level 11 in Shields
 21540 | Orc:2    | Found Arokh's Antique Weapon Boutique.
 21638 | Orc:2    | Noticed an orc warlord
 21711 | Orc:1    | Found Hosourgh's Magic Scroll Shoppe.
 21723 | Orc:1    | Bought a scroll of blinking for 105 gold pieces
 21798 | Orc:1    | Killed an orc warlord
 21918 | Orc:2    | Found Nufreo's Antique Weapon Shoppe.
 21981 | Orc:2    | Reached XP level 15. HP: 64/80 MP: 22/22
 22050 | Orc:2    | Found Qotetih's Jewellery Shoppe.
 22051 | Orc:2    | Noticed Saint Roka
 22076 | Orc:2    | Reached skill level 12 in Shields
 22303 | Orc:2    | Found a staircase to the Elven Halls.
 22440 | Orc:2    | Killed Saint Roka
 22522 | Orc:2    | Bought the amulet "Omeag" {RegenMP rElec rF- MR+ Str+10} for 1017 gold pieces
 22583 | Orc:2    | Found Afuahin's Antique Armour Shop.
 22600 | Orc:2    | Bought a glowing cloak for 240 gold pieces
 22612 | Orc:2    | Bought a bloodstained ring mail for 288 gold pieces
 22624 | Orc:2    | Identified the +2 ring mail of Submission {rElec rF+} (You bought it in a shop on level 2 of the Orcish Mines)
 23032 | Elf:1    | Entered Level 1 of the Elven Halls
 23032 | Elf:1    | Noticed a deep elf sorcerer
 23523 | D:12     | Reached skill level 13 in Shields
 24386 | D:13     | Got an ichor-stained helmet
 24397 | D:13     | Identified the +1 helmet of Grace {rF+ Int+3} (You found it on level 13 of the Dungeon)
 24810 | D:13     | Found a gate to the Vaults.
 24991 | D:13     | Got a shimmering hand crossbow
 25010 | D:13     | Identified the +8 hand crossbow of Incongruity {penet, rC++ MP-9} (You found it on level 13 of the Dungeon)
 25179 | D:14     | Reached XP level 16. HP: 85/85 MP: 24/24
 25407 | D:14     | Noticed Urug
 25417 | D:14     | Killed Urug
 25567 | D:14     | Reached skill level 10 in Invocations
 25577 | D:14     | Gained mutation: You have a pair of small antennae on your head. [mutagenic meat]
 25578 | D:14     | Gained mutation: You are resistant to electric shocks. (rElec) [mutagenic meat]
 25579 | D:14     | Gained mutation: Your system is resistant to poisons. (rPois) [mutagenic meat]
 25583 | D:14     | Gained mutation: You are clumsy. (Dex -2) [mutagenic meat]
 25584 | D:14     | Gained mutation: You have large cloven feet. [mutagenic meat]
 25587 | D:14     | Lost mutation: You are clumsy. (Dex -2) [potion of mutation]
 25587 | D:14     | Lost mutation: You have a pair of small antennae on your head. [potion of mutation]
 25587 | D:14     | Gained mutation: You have a pair of small horns on your head. [potion of mutation]
 25587 | D:14     | Gained mutation: You have a pair of horns on your head. [potion of mutation]
 25700 | D:15     | Entered Level 15 of the Dungeon
 26000 | D:15     | Reached skill level 14 in Shields
 26229 | D:15     | Identified the Grimoire of Congealing Enchantment
 26261 | D:15     | Found a staircase to the Depths.
 27157 | Swamp:1  | Entered Level 1 of the Swamp
 28460 | Swamp:2  | Learned a level 3 spell: Spectral Weapon
 28586 | Swamp:3  | Noticed a thorn hunter
 28619 | Swamp:3  | Killed a thorn hunter
 28645 | Swamp:3  | Reached XP level 17. HP: 26/90 MP: 13/25
 29515 | Swamp:4  | Entered Level 4 of the Swamp
 30398 | Swamp:4  | Paralysed by a hornet for 1 turns
 30405 | Swamp:4  | Got a decaying rune of Zot
 31290 | Snake:1  | Entered Level 1 of the Snake Pit
 31624 | Snake:1  | Found a deep blue altar of Sif Muna.
 31645 | Snake:1  | Got a polished ring mail
 31656 | Snake:1  | Identified the +5 ring mail of the Other World {MR+} (You found it on level 1 of the Snake Pit)
 31778 | Snake:1  | Reached XP level 18. HP: 95/97 MP: 26/26
 32501 | Orc:2    | Bought the ring of Lefrio Zepev {rF+ MP+9 Dex+3} for 915 gold pieces
 33490 | Snake:2  | Reached skill level 15 in Shields
 34358 | Snake:4  | Entered Level 4 of the Snake Pit
 34399 | Snake:4  | Noticed vineage's ghost (adept MiBe)
 34437 | Snake:4  | Killed vineage's ghost
 34569 | Snake:4  | Noticed Roxanne
 34944 | Snake:4  | Reached XP level 19. HP: 81/102 MP: 27/27
 35138 | Snake:4  | Reached skill level 1 in Spellcasting
 35215 | Snake:4  | Got a serpentine rune of Zot
 35752 | Vaults:1 | Entered Level 1 of the Vaults
 36039 | Vaults:1 | Reached skill level 10 in Armour
 36063 | Vaults:1 | Found a ruined gateway.
 36070 | Desolati | Entered the Desolation of Salt
 36096 | Desolati | Reached skill level 10 in Dodging
 36135 | Desolati | Got a brightly glowing battleaxe
 36136 | Desolati | Identified the +2 battleaxe of Blood {holy, rPois Str-2 Int+3} (You found it in the Desolation of Salt)
 36159 | Desolati | Got an ancient tin ring
 36161 | Desolati | Identified the cursed ring "Qusete" {+Fly rC+ Dex-2} (You found it in the Desolation of Salt)
 36174 | Desolati | Got a heavily runed brass amulet
 36175 | Desolati | Identified the amulet of Ogemiont {Faith rPois rF- rN+++} (You found it in the Desolation of Salt)
 36285 | Desolati | Got a vibrating amber ring
 36288 | Desolati | Identified the ring "Acret" {rF+ Int+4 Slay+5} (You found it in the Desolation of Salt)
 36292 | Desolati | Got a transparent brass ring
 36294 | Desolati | Identified the ring "Zulimoi" {MR+ Str+4} (You found it in the Desolation of Salt)
 36336 | Desolati | Reached skill level 5 in Spellcasting
 36424 | Desolati | Reached XP level 20. HP: 109/109 MP: 29/29
 36520 | Desolati | Identified the Catalogue of the Teacher
 36524 | Desolati | Identified the Papyrus of the Entourage and Flight
 38259 | Vaults:2 | Got an ichor-stained helmet
 38260 | Vaults:2 | Identified the +2 helmet of Trog's Regard {rF++ Str+3} (You found it on level 2 of the Vaults)
 38564 | Vaults:2 | Found a staircase to the Crypt.
 38590 | Vaults:2 | Noticed a Brimstone Fiend
 38778 | Vaults:2 | Reached XP level 21. HP: 115/115 MP: 31/31
 39084 | Vaults:3 | Found a glowing silver altar of Zin.
 39100 | Vaults:3 | Found Gozag's Assorted Antiques.
 39102 | Vaults:3 | Found an opulent altar of Gozag.
 39118 | Vaults:3 | Found Gozag's Antique Armour Shop.
 39139 | Vaults:3 | Found Gozag's Antique Weapon Boutique.
 39682 | Vaults:3 | Noticed Nikola
 39693 | Vaults:3 | Killed Nikola
 40400 | Vaults:4 | Noticed Boris
 40410 | Vaults:4 | Killed Boris
 40782 | Vaults:4 | Reached XP level 22. HP: 121/121 MP: 33/33
 40839 | Vaults:4 | Noticed Mara
 40855 | Vaults:4 | Noticed motkurip's illusion
 40875 | Vaults:4 | Noticed motkurip's illusion
 41003 | Vaults:4 | Noticed motkurip's illusion
 41013 | Vaults:4 | Noticed Donald
 41013 | Vaults:4 | Killed Mara
 41019 | Vaults:4 | Reached skill level 16 in Shields
 41027 | Vaults:4 | Killed Donald
 41154 | Vaults:4 | Found Ruixziru's Assorted Antiques.
 41277 | Vaults:4 | Paralysed by a floating eye for 3 turns
 41332 | Vaults:4 | Reached skill level 15 in Fighting
 41521 | Vaults:4 | Noticed Sojobo
 41542 | Vaults:4 | Killed Sojobo
 41548 | Vaults:4 | Reached skill level 15 in Invocations
 42138 | Depths:1 | Entered Level 1 of the Depths
 42247 | Depths:1 | Found Mogiupul's Antique Weapon Emporium.
 42252 | Depths:1 | Found Perafeitz's Book Emporium.
 42362 | Depths:1 | Reached XP level 23. HP: 126/126 MP: 35/35
 42626 | Depths:1 | Found a one-way gate leading to the halls of Pandemonium.
 42663 | Depths:1 | Found a runed door.
 42722 | Depths:1 | Found a gateway to Hell.
 43825 | Depths:3 | Found a one-way gate to the infinite horrors of the Abyss.
 44449 | Depths:4 | Reached skill level 17 in Shields
 44513 | Depths:4 | Reached XP level 24. HP: 117/133 MP: 36/36
 44528 | Depths:4 | Noticed Margery
 44544 | Depths:4 | Killed Margery
 44654 | Depths:4 | Noticed the Enchantress
 44671 | Depths:4 | Killed the Enchantress
 44693 | Depths:4 | Got faerie dragon scales
 44694 | Depths:4 | Identified the +4 faerie dragon scales {rN++ rCorr HP-5 Dex+3} (You took it off the Enchantress on level 4 of the Depths)
 44857 | Depths:4 | Found a gateway to a ziggurat.
 45248 | Depths:4 | Noticed a caustic shrike
 45255 | Depths:4 | Killed a caustic shrike
 45501 | Depths:5 | Entered Level 5 of the Depths
 45645 | Depths:5 | Noticed a juggernaut
 45663 | Depths:5 | Killed a juggernaut
 45917 | Depths:5 | Reached XP level 25. HP: 129/139 MP: 36/36
 45956 | Depths:5 | Noticed a juggernaut
 45965 | Depths:5 | Killed a juggernaut
 45965 | Depths:5 | Reached skill level 15 in Dodging
 46379 | Depths:5 | Found a gate to the Realm of Zot.
 46397 | Depths:5 | Reached skill level 18 in Shields
 46925 | Vaults:5 | Entered Level 5 of the Vaults
 47298 | Vaults:5 | Found Kegedux's Book Shoppe.
 47316 | Vaults:5 | Reached XP level 26. HP: 122/145 MP: 36/36
 47354 | Vaults:5 | Got a silver rune of Zot
 47400 | Vaults:5 | Reached skill level 15 in Short Blades
 47785 | Vaults:5 | Identified the Grimoire of the Dislocated Snowflakes
 48228 | Vaults:5 | Got a heavily runed marble ring
 48229 | Vaults:5 | Identified the cursed ring "Kiumal" {rPois Int-2} (You found it on level 5 of the Vaults)
 48831 | Zot:1    | Entered Level 1 of the Realm of Zot
 49191 | Zot:5    | Entered Level 5 of the Realm of Zot
 49297 | Zot:5    | Noticed an orb of fire
 49306 | Zot:5    | Killed an orb of fire
 49540 | Zot:5    | Reached XP level 27. HP: 109/151 MP: 36/36
 49583 | Zot:5    | Noticed an ancient lich
 49588 | Zot:5    | Reached skill level 19 in Shields
 49590 | Zot:5    | Killed an ancient lich
 49606 | Zot:5    | Noticed an orb of fire
 49657 | Zot:5    | Noticed an orb of fire
 49663 | Zot:5    | Noticed an ancient lich
 49670 | Zot:5    | Killed an orb of fire
 49696 | Zot:5    | Noticed an ancient lich
 49697 | Zot:5    | Killed an ancient lich
 49728 | Zot:5    | Reached skill level 15 in Armour
 49738 | Zot:5    | Noticed an orb of fire
 49745 | Zot:5    | Killed an orb of fire
 49800 | Zot:5    | Noticed an ancient lich
 49814 | Zot:5    | Killed an ancient lich
 49825 | Zot:5    | Noticed an orb of fire
 49838 | Zot:5    | Noticed an ancient lich
 49840 | Zot:5    | Killed an orb of fire
 49851 | Zot:5    | Killed an ancient lich
 49904 | Zot:5    | Got the Orb of Zot
 49945 | Zot:5    | Gained mutation: Armour fits poorly on your strangely shaped body. [an orb of fire]
 49962 | Zot:5    | Killed an orb of fire
 49986 | Zot:5    | Noticed an ancient lich
 50002 | Zot:5    | Killed an ancient lich
 50009 | Zot:5    | Noticed an ancient lich
 50015 | Zot:5    | Killed an ancient lich
 50644 | D:4      | Noticed Xuinonkim the pandemonium lord
 50662 | D:4      | Killed Xuinonkim the pandemonium lord
 50739 | D:$      | Escaped with the Orb!

Skill      XL: |  1  2  3  4  5  6  7  8  9 10 11 12 13 14 15 16 17 18 19 20 21 22 23 24 25 26 27 |
---------------+----------------------------------------------------------------------------------+-----
Throwing       | 2 |  2.0
Fighting       | 2 3 4 6 7 8 10 11 12 13 14 15 16 17 18 | 18.8
Short Blades   | 2 3 4 5 6 7 8 9 10 12 13 14 15 16 | 16.8
Stealth        | 5 6 7 9 10 11 12 13 14 | 14.1
Shields        | 1 2 3 4 6 11 13 14 15 16 17 18 19 | 19.8
Invocations    | 2 4 6 7 8 9 10 11 12 14 15 16 17 | 17.0
Evocations     | 2 4 5 6 7 |  7.0
Dodging        | 4 6 8 9 10 11 12 13 14 15 16 17 | 17.1
Armour         | 3 6 7 8 9 10 11 12 13 14 15 | 15.6
Spellcasting   | 5 6 |  6.0

Action                   |  1- 3 |  4- 6 |  7- 9 | 10-12 | 13-15 | 16-18 | 19-21 | 22-24 | 25-27 || total
-------------------------+-------+-------+-------+-------+-------+-------+-------+-------+-------++-------
Melee: Dagger            |    84 |   153 |   434 |  1181 |  1843 |   209 |       |       |       ||  3904
       Bite              |    21 |    39 |   137 |   452 |   846 |   631 |   449 |   496 |   450 ||  3521
       Scimitar          |       |       |       |    11 |    10 |       |       |       |       ||    21
       Rapier            |       |       |       |       |    72 |       |       |       |       ||    72
       Short sword       |       |       |       |       |       |   600 |       |       |       ||   600
       Headbutt          |       |       |       |       |       |   411 |   306 |   348 |   302 ||  1367
       Quick blade       |       |       |       |       |       |   507 |   889 |   924 |   833 ||  3153
 Fire: Blowgun           |     4 |    50 |    22 |    63 |     3 |       |       |       |       ||   142
Throw: Javelin           |       |       |       |       |     8 |       |       |       |       ||     8
Invok: Grand Finale      |       |       |       |       |     2 |     2 |     2 |     3 |     4 ||    13
       Line Pass         |       |       |       |       |       |       |       |     2 |       ||     2
 Abil: Evoke Invisibilit |       |       |       |       |       |     1 |     1 |       |       ||     2
Evoke: Wand              |       |     1 |     5 |    23 |    21 |     2 |       |       |     2 ||    54
       Box of beasts     |       |       |       |       |       |     1 |       |       |       ||     1
  Use: Scroll            |       |     9 |     1 |    17 |    14 |    16 |    14 |     4 |    13 ||    88
       Potion            |       |       |       |     1 |    11 |     4 |       |       |     5 ||    21
 Stab: Sleeping          |     5 |     8 |     8 |    22 |    28 |    43 |    50 |    18 |    14 ||   196
       Paralysed         |       |       |     9 |    47 |    87 |    89 |   102 |   113 |   100 ||   547
       Distracted        |       |       |       |     1 |     5 |     5 |     6 |     7 |     2 ||    26
       Invisible         |       |       |       |       |     5 |     4 |     8 |       |       ||    17
       Confused          |       |       |       |       |       |     3 |       |       |       ||     3
  Eat: Chunk             |     2 |     5 |    11 |    12 |    15 |     9 |     8 |     6 |       ||    68
       Royal jelly       |       |       |     1 |     4 |     2 |     2 |     2 |     5 |       ||    16
       Bread ration      |       |       |       |     1 |       |     2 |     1 |       |       ||     4
       Fruit             |       |       |       |     5 |    16 |     2 |     1 |     9 |       ||    33
       Meat ration       |       |       |       |       |     3 |     2 |       |     1 |     4 ||    10
Armor: Robe              |     7 |    21 |    30 |     2 |       |       |       |       |       ||    60
       Chain mail        |       |       |    20 |   171 |       |       |       |       |       ||   191
       Skin              |       |       |       |    22 |       |       |       |       |       ||    22
       Troll leather arm |       |       |       |    58 |   254 |       |       |       |       ||   312
       Leather armour    |       |       |       |       |    57 |    95 |       |       |       ||   152
       Ring mail         |       |       |       |       |       |    32 |    27 |       |       ||    59
       Fire dragon scale |       |       |       |       |       |       |    21 |    88 |    70 ||   179
Dodge: Dodged            |    38 |    47 |   101 |   223 |   745 |   332 |   141 |   203 |   163 ||  1993
       Deflected         |       |       |       |       |       |       |     9 |    18 |    14 ||    41
Block: Buckler           |     5 |    20 |    66 |   176 |   138 |       |       |       |       ||   405
       Shield            |       |       |       |       |   554 |   522 |   249 |   277 |   251 ||  1853
       Rpst.: Scimitar   |       |       |       |     1 |     3 |       |       |       |       ||     4
